[Event "Titled Tuesday Blitz February 15 Late 2022"]
[White "Yedidia, Daniel"]
[Black "Van den Dikkenberg, Erik"]
[WhiteFideId "30905907"]
[BlackFideId "1005880"]
[WhiteElo "2487"]
[BlackElo "2118"]
[Result "1-0"]
[Round "02"]
[TimeControl "180+1"]
[Date "2022.02.16"]
[WhiteClock "0:00:11"]
[BlackClock "0:00:05"]

1. d4 Nf6 2. c4 g6 3. Nc3 Bg7 4. e4 d6 5. Nf3 O-O 6. Be2 e5 7. Be3 Nc6 8. O-O Re8 9. d5 Ne7 10. Ne1 Nd7 11. Nd3 b6 12. b4 f5 13. f3 f4 14. Bf2 g5 15. c5 h5 16. cxd6 cxd6 17. Nb5 Nf6 18. Rc1 Rf8 19. Nc7 Rb8 20. Qc2 g4 21. Nb5 gxf3 22. Bxf3 Ng6 23. Qc7 Ba6 24. a4 Bxb5 25. axb5 Qe8 26. Qxd6 Qxb5 27. Nxe5 Nxe5 28. Qxe5 Ng4 29. Qe6+ Kh8 30. Qg6 Nxf2 31. Qxh5+ Kg8 32. Rxf2 Rbc8 33. Rff1 Qxb4 34. Bg4 Rce8 35. Rc7 Qd4+ 36. Kh1 Qd3 37. Rg1 Qxe4 38. Be6+ Rxe6 39. dxe6 Qxe6 40. Qg5 Qf6 41. Qxf6 Rxf6 42. Rxa7 Rd6 43. Rb1 Bd4 44. h3 Rg6 45. Ra4 Be3 46. Re4 Rd6 47. Ra1 Rd2 48. Re7 Kf8 49. Rb7 Rd8 50. Kh2 Bf2 51. h4 Bg3+ 52. Kh3 Kg8 53. Kg4 Kf8 54. Raa7 Re8 55. Rh7 Kg8 56. Rag7+ Kf8 57. Rh8+ Kxg7 58. Rxe8 Kf6 59. Rb8 Ke5 60. Rxb6 Ke4 61. Rb3 Bf2 62. Rf3 Be3 63. h5 Ke5 64. Kg5 Ke6 65. Kg6 Ke5 66. h6 Ke4 67. h7 1-0


[Site "https://www.chess.com"]

[Event "Titled Tuesday Blitz February 15 Late 2022"]
[White "Yoo, Christopher Woojin"]
[Black "Mikhailov, Viacheslav"]
[WhiteFideId "30909694"]
[BlackFideId "4187369"]
[WhiteElo "2105"]
[BlackElo "2381"]
[Result "1-0"]
[Round "02"]
[TimeControl "180+1"]
[Date "2022.02.15"]
[WhiteClock "0:01:19"]
[BlackClock "0:01:53"]

1. e4 d6 2. d4 Nf6 3. Bd3 g6 4. Nf3 Bg7 5. O-O O-O 6. Nbd2 Bg4 7. h3 Bxf3 8. Nxf3 Nbd7 9. e5 Ne8 10. Qe2 e6 11. Bg5 Qc8 12. Be7 c5 13. Bxf8 Kxf8 14. c3 Qc7 15. Rfe1 Rd8 16. Bb5 d5 17. Bxd7 Rxd7 18. Qe3 c4 19. b3 b5 20. Rab1 Qa5 21. bxc4 bxc4 22. Rb2 a6 23. Reb1 h6 24. h4 Nc7 25. Rb8+ Ke7 26. Rg8 Nb5 27. Rxg7 Qxc3 28. Qxh6 Qd3 29. Rf1 Nc3 30. Rg8 Ne2+ 31. Kh2 Nxd4 32. Qf8# 1-0


[Site "https://www.chess.com"]

[Event "Titled Tuesday Blitz February 15 Late 2022"]
[White "Yuan, Qingyu"]
[Black "Vidit, Santosh Gujrathi"]
[WhiteFideId "8609772"]
[BlackFideId "5029465"]
[WhiteElo "2359"]
[BlackElo "2654"]
[Result "0-1"]
[Round "02"]
[TimeControl "180+1"]
[Date "2022.02.15"]
[WhiteClock "0:00:02"]
[BlackClock "0:00:35"]

1. Nf3 d5 2. g3 g6 3. Bg2 Bg7 4. O-O e5 5. d3 Ne7 6. c4 c6 7. e4 d4 8. b4 a5 9. Qa4 O-O 10. Nbd2 b5 11. Qa3 a4 12. Re1 h6 13. Nb3 Na6 14. Nbd2 Be6 15. c5 g5 16. Rb1 Nc7 17. Qb2 a3 18. Qc2 Ra4 19. Nf1 Ng6 20. N3d2 Na6 21. Nb3 Nxb4 22. Qd2 Na6 23. Qc2 Qe7 24. Bd2 Ra8 25. Rec1 Nb4 26. Bxb4 Rxb4 27. Nbd2 Rxb1 28. Rxb1 Bf8 29. Rc1 f6 30. Nb3 g4 31. Nfd2 h5 32. Bf1 Bh6 33. Rb1 Qf7 34. Ra1 Nf8 35. Be2 Nd7 36. Kg2 Kg7 37. Bd1 Rf8 38. Kg1 h4 39. Rb1 hxg3 40. fxg3 Be3+ 41. Kg2 Rh8 42. Be2 Rxh2+ 43. Kxh2 Qh5+ 0-1


[Site "https://www.chess.com"]

[Event "Titled Tuesday Blitz February 15 Late 2022"]
[White "Zhurbinsky, David"]
[Black "Namitbir Singh Walia"]
[WhiteFideId "2072904"]
[BlackFideId "35071068"]
[WhiteElo "2535"]
[BlackElo "1479"]
[Result "1-0"]
[Round "02"]
[TimeControl "180+1"]
[Date "2022.02.16"]
[WhiteClock "0:00:21"]
[BlackClock "0:00:05"]

1. e4 c5 2. Nf3 Nc6 3. c4 g6 4. d4 cxd4 5. Nxd4 Nf6 6. Nc3 d6 7. Be2 Nxd4 8. Qxd4 Bg7 9. Be3 O-O 10. Qd2 Be6 11. O-O Qa5 12. Rac1 Rfc8 13. b3 a6 14. a4 b5 15. axb5 axb5 16. cxb5 Bxb3 17. f3 Rab8 18. Bd4 Bc4 19. Ra1 Qd8 20. Bxc4 Rxc4 21. Rfb1 Nxe4 22. Nxe4 Bxd4+ 23. Kh1 Bxa1 24. Rxa1 Rxb5 25. h3 Rcb4 26. Kh2 d5 27. Ng3 Qd6 28. Qc3 d4 29. Qd3 Rb8 30. Ra6 Qd5 31. Ra7 e5 32. Qd2 R4b7 33. Ra5 Rb5 34. Ra7 Rb2 35. Qh6 R2b7 36. Ra6 Qb5 37. Rd6 Rb6 38. Rxb6 Qxb6 39. Ne4 Qe6 40. Ng5 Qe7 41. Qxh7+ Kf8 42. Qh8# 1-0


[Site "https://www.chess.com"]

[Event "Titled Tuesday Blitz February 15 Late 2022"]
[White "Zierk, Steven"]
[Black "Nilsson, Joakim"]
[WhiteFideId "2034255"]
[BlackFideId "1723383"]
[WhiteElo "2494"]
[BlackElo "2207"]
[Result "1-0"]
[Round "02"]
[TimeControl "180+1"]
[Date "2022.02.16"]
[WhiteClock "0:02:21"]
[BlackClock "0:02:31"]

1. b3 Nf6 2. Bb2 b6 3. Nf3 Bb7 4. g3 c5 5. Bg2 g6 6. c4 Bg7 7. O-O O-O 8. d4 Ne4 9. Nc3 Nxc3 10. Bxc3 Nc6 11. Qd2 cxd4 12. Nxd4 Qc8 13. Rad1 d6 14. Nb5 a6 15. Bxg7 Kxg7 16. Nc3 Ne5 17. Qd4 Kg8 18. Qxb6 Bxg2 19. Kxg2 Qe6 20. Qe3 Rfb8 21. Nd5 Kf8 22. Nc7 1-0


[Site "https://www.chess.com"]

[Event "Titled Tuesday Blitz February 15 Late 2022"]
[White "volunteers1998"]
[Black "Kopczynski, Michal"]
[BlackFideId "1124200"]
[WhiteElo "2259"]
[BlackElo "2235"]
[Result "1-0"]
[Round "02"]
[TimeControl "180+1"]
[Date "2022.02.16"]
[WhiteClock "0:00:53"]
[BlackClock "0:00:20"]

1. e4 c5 2. Nf3 d6 3. d4 cxd4 4. Nxd4 Nf6 5. Nc3 g6 6. Be3 Bg7 7. f3 O-O 8. Qd2 Nc6 9. g4 d5 10. g5 Nh5 11. exd5 Nxd4 12. Bxd4 Bxd4 13. Qxd4 e5 14. Qd2 Bf5 15. O-O-O Qa5 16. Kb1 Rac8 17. Bd3 Bxd3 18. Qxd3 Rfd8 19. Rhe1 Nf4 20. Qe4 Rxc3 21. bxc3 Qxc3 22. Qxe5 Qb4+ 23. Qb2 Qc5 24. Qd4 Qb5+ 25. Ka1 Ne6 26. Qe4 Nxg5 27. Qe7 Rxd5 28. Rb1 Qc6 29. Rxb7 Qc3+ 30. Kb1 Rf5 31. Rb8+ Kg7 32. Qf8+ Kf6 33. Qh8# 1-0


[Site "https://www.chess.com"]

[Event "Titled Tuesday Blitz February 15 Late 2022"]
[White "Adury, Anant"]
[Black "Gubajdullin, Alexei"]
[WhiteFideId "30964687"]
[BlackFideId "4141202"]
[WhiteElo "2341"]
[BlackElo "2268"]
[Result "1-0"]
[Round "03"]
[TimeControl "180+1"]
[Date "2022.02.16"]
[WhiteClock "0:00:12"]
[BlackClock "0:00:01"]

1. d4 g6 2. c4 Bg7 3. Nc3 c5 4. dxc5 Na6 5. Be3 Qa5 6. Nf3 Nxc5 7. g3 Ne4 8. Bd4 Nxc3 9. bxc3 Bxd4 10. Qxd4 Nf6 11. Bg2 d6 12. O-O Rb8 13. Rfb1 b6 14. Rb5 Qa3 15. Rb3 Qa4 16. Rb4 Qd7 17. Ng5 O-O 18. a4 Qc7 19. a5 bxa5 20. Rba4 h6 21. Ne4 Nxe4 22. Bxe4 Bh3 23. Rxa5 e5 24. Qxa7 Qxc4 25. Qe3 Rb2 26. Qd3 Qxd3 27. exd3 Rfb8 28. Re1 Rb1 29. Ra1 Rxe1+ 30. Rxe1 Rb2 31. Bg2 Bf5 32. Be4 Rc2 33. Bxf5 gxf5 34. d4 e4 35. Re3 d5 36. Kg2 Kg7 37. h3 Kf6 38. g4 f4 39. Re1 Rxc3 40. Ra1 Rd3 41. Ra6+ Kg7 42. Ra4 Rd2 43. Kf1 f3 44. Kg1 Rd1+ 45. Kh2 Rf1 46. Kg3 Re1 47. Ra5 Rg1+ 48. Kf4 Rg2 49. Ke3 Rh2 50. Rxd5 Rxh3 51. Kxe4 Kf6 52. Rf5+ Ke6 53. Rxf3 Rh4 54. Rg3 f5+ 55. Kf3 fxg4+ 56. Rxg4 Rh3+ 57. Ke4 Rh1 58. f4 Re1+ 59. Kf3 Kf5 60. Rh4 Kg6 61. Kf2 Rd1 62. Ke3 Re1+ 63. Kd3 Rf1 64. d5 Rd1+ 65. Ke4 h5 66. Rh2 Re1+ 67. Kd4 Rd1+ 68. Ke5 Rf1 69. Rg2+ 1-0


[Site "https://www.chess.com"]

[Event "Titled Tuesday Blitz February 15 Late 2022"]
[White "Al-Tarboush, Ward"]
[Black "Roque Sola, Jose Luis"]
[WhiteFideId "7601450"]
[BlackFideId "5120390"]
[WhiteElo "2276"]
[BlackElo "1983"]
[Result "1-0"]
[Round "03"]
[TimeControl "180+1"]
[Date "2022.02.16"]
[WhiteClock "0:01:41"]
[BlackClock "0:00:26"]

1. e4 e6 2. d4 d5 3. exd5 exd5 4. Bd3 Bd6 5. Nc3 Nf6 6. Bg5 Be6 7. Nge2 Nc6 8. Qd2 h6 9. Bh4 g5 10. Bg3 a6 11. a3 Qd7 12. Na4 O-O-O 13. Bxd6 Qxd6 14. O-O Nh5 15. g3 f5 16. Nc5 f4 17. c4 f3 18. Nc3 dxc4 19. Be4 g4 20. Nxe6 Qxe6 21. d5 Qe5 22. Qe3 Nd4 23. Rad1 Nb5 24. Nxb5 axb5 25. Rfe1 Qxb2 26. Qa7 Nf6 27. Bf5+ 1-0


[Site "https://www.chess.com"]

[Event "Titled Tuesday Blitz February 15 Late 2022"]
[White "Ankerst, Mihael"]
[Black "Remolar Gallen, Jose"]
[WhiteFideId "14602369"]
[BlackFideId "2215187"]
[WhiteElo "2294"]
[BlackElo "2205"]
[Result "1-0"]
[Round "03"]
[TimeControl "180+1"]
[Date "2022.02.16"]
[WhiteClock "0:01:26"]
[BlackClock "0:00:14"]

1. e4 g6 2. d4 Bg7 3. Nc3 c6 4. f4 d5 5. e5 Nh6 6. Nf3 Bg4 7. Be3 Nf5 8. Bf2 h5 9. h3 Bxf3 10. Qxf3 h4 11. Bd3 e6 12. Ne2 Nd7 13. b3 Bf8 14. O-O Ba3 15. c4 Kf8 16. Rab1 a5 17. Nc3 Bb4 18. Rfc1 Kg7 19. Kh2 Nb6 20. Ne2 Ba3 21. Rc2 Qe7 22. Rf1 a4 23. Rb1 axb3 24. axb3 Bb4 25. Ng1 Ra3 26. Qe2 Rd8 27. Nf3 dxc4 28. Bxf5 cxb3 29. Rcb2 exf5 30. Bxh4 Qd7 31. Bf6+ Kg8 32. Qf2 Kf8 33. Qh4 Ke8 34. Rxb3 Rxb3 35. Rxb3 Nd5 36. Rxb4 Nxb4 37. Qh8# 1-0


[Site "https://www.chess.com"]

[Event "Titled Tuesday Blitz February 15 Late 2022"]
[White "Antonio, Jorge Carlos"]
[Black "Dounis, Alexandros"]
[WhiteFideId "113190"]
[BlackFideId "4213238"]
[WhiteElo "2247"]
[BlackElo "2195"]
[Result "1/2-1/2"]
[Round "03"]
[TimeControl "180+1"]
[Date "2022.02.16"]
[WhiteClock "0:00:45"]
[BlackClock "0:01:03"]

1. d4 Nf6 2. c4 g6 3. Nc3 d5 4. Bg5 Bg7 5. Bxf6 Bxf6 6. Nxd5 Bg7 7. e3 c5 8. Nf3 Nc6 9. Be2 O-O 10. O-O cxd4 11. exd4 e6 12. Ne3 Nxd4 13. Nxd4 Bxd4 14. Qd2 Qf6 15. Rab1 Rd8 16. Kh1 Bd7 17. Rfd1 Bc6 18. Qe1 Bxe3 19. fxe3 Qg5 20. Qf2 h5 21. Bf3 Rac8 22. b3 h4 23. Bxc6 Rxc6 24. Rxd8+ Qxd8 25. Qf3 Rd6 26. h3 b6 27. Rf1 Qe7 28. Qf4 Rd2 29. Rf2 e5 30. Qf3 e4 31. Qf4 Rxf2 32. Qxf2 Qg5 33. Kh2 Qe5+ 34. Kh1 g5 35. Qd2 Kg7 36. Qd4 Qxd4 37. exd4 Kf6 38. Kh2 Ke6 39. Kg1 f5 40. Kf2 f4 41. Ke2 Kd6 42. a3 a6 43. b4 b5 44. c5+ Kd5 45. Kd2 1/2-1/2


[Site "https://www.chess.com"]

[Event "Titled Tuesday Blitz February 15 Late 2022"]
[White "Antova, Gabriela"]
[Black "Debray, Christopher"]
[WhiteFideId "2915235"]
[BlackFideId "630810"]
[WhiteElo "2184"]
[BlackElo "2369"]
[Result "1/2-1/2"]
[Round "03"]
[TimeControl "180+1"]
[Date "2022.02.16"]
[WhiteClock "0:00:30"]
[BlackClock "0:00:39"]

1. d4 d5 2. c4 e6 3. Nf3 Nf6 4. Nc3 c6 5. e3 Nbd7 6. Qc2 Bd6 7. g4 h6 8. h3 Qe7 9. Be2 e5 10. cxd5 cxd5 11. Nb5 O-O 12. Nxd6 Qxd6 13. dxe5 Nxe5 14. Nxe5 Qxe5 15. Bd2 Ne4 16. Bc3 Nxc3 17. Qxc3 Qe4 18. O-O f5 19. Rad1 fxg4 20. Rd4 Qg6 21. hxg4 Be6 22. Qd3 Qg5 23. f4 Qh4 24. f5 Qg3+ 25. Kh1 Qh3+ 26. Kg1 Qg3+ 27. Kh1 Qh3+ 28. Kg1 Qg3+ 1/2-1/2


[Site "https://www.chess.com"]

[Event "Titled Tuesday Blitz February 15 Late 2022"]
[White "Aradhya, Garg"]
[Black "Gracia Alvarez, Gerardo Antonio"]
[WhiteFideId "25006746"]
[BlackFideId "5109124"]
[WhiteElo "2169"]
[BlackElo "2139"]
[Result "1-0"]
[Round "03"]
[TimeControl "180+1"]
[Date "2022.02.16"]
[WhiteClock "0:02:11"]
[BlackClock "0:01:37"]

1. d4 Nf6 2. c4 c5 3. d5 b5 4. cxb5 a6 5. b6 d6 6. Nc3 Nbd7 7. Nf3 g6 8. e4 Nxb6 9. Nd2 Bg7 10. Be2 O-O 11. O-O Rb8 12. a4 e6 13. a5 Na8 14. Nc4 exd5 15. exd5 Nc7 16. Bf4 Nfe8 17. Nb6 Bb7 18. Rc1 Nf6 19. Qd2 Re8 20. Bf3 Nb5 21. Nc4 Nd4 22. Nxd6 Nxf3+ 23. gxf3 Nh5 24. Nxe8 Nxf4 25. Qxf4 Qxe8 26. Rfe1 Qd8 27. Rcd1 Rc8 28. d6 Bd4 29. Re7 1-0


[Site "https://www.chess.com"]

[Event "Titled Tuesday Blitz February 15 Late 2022"]
[White "Araujo Filho, Luiz Antonio Coel"]
[Black "Horak, Martin"]
[WhiteFideId "2130661"]
[BlackFideId "367095"]
[WhiteElo "2208"]
[BlackElo "1997"]
[Result "0-1"]
[Round "03"]
[TimeControl "180+1"]
[Date "2022.02.16"]
[WhiteClock "0:00:08"]
[BlackClock "0:00:07"]

1. d4 Nf6 2. Nf3 d5 3. e3 c5 4. c3 Nc6 5. Nbd2 cxd4 6. exd4 Bg4 7. Qa4 a6 8. Ne5 Bd7 9. Qd1 Bf5 10. Qa4 Rc8 11. Be2 e6 12. O-O Bd6 13. f4 h6 14. Nxc6 Rxc6 15. Nf3 O-O 16. Ne5 Rc8 17. Be3 Ne4 18. Qb3 Qc7 19. Rae1 f6 20. Nd3 b5 21. a4 Qc4 22. Qd1 Qxa4 23. Qxa4 bxa4 24. Ra1 a3 25. bxa3 Nxc3 26. Nc1 Nxe2+ 27. Nxe2 Rc2 28. Rfe1 Rfc8 29. a4 Bb4 30. Rec1 a5 31. Ng3 Bd3 32. Rd1 Bc4 33. f5 exf5 34. Nxf5 Re8 35. Rac1 Rxc1 36. Bxc1 Kf7 37. Bd2 Bb3 38. Bxb4 Bxd1 39. Nd6+ Ke6 40. Nxe8 axb4 41. Nc7+ Kd6 42. Nb5+ Kc6 43. Kf2 Bxa4 44. Na7+ Kc7 45. Ke1 Kb7 0-1


[Site "https://www.chess.com"]

[Event "Titled Tuesday Blitz February 15 Late 2022"]
[White "Ardila, Oscar Humberto"]
[Black "Okike, David"]
[WhiteFideId "4404742"]
[BlackFideId "8500134"]
[WhiteElo "1898"]
[BlackElo "2232"]
[Result "0-1"]
[Round "03"]
[TimeControl "180+1"]
[Date "2022.02.16"]
[WhiteClock "0:00:05"]
[BlackClock "0:00:53"]

1. d4 Nf6 2. c4 e6 3. Nc3 Bb4 4. Bd2 d5 5. cxd5 exd5 6. Nf3 c6 7. e3 O-O 8. h3 Bf5 9. Be2 Nbd7 10. O-O Bd6 11. Rc1 Rc8 12. a3 a5 13. Na4 b5 14. Nc5 Nxc5 15. dxc5 Bc7 16. Nd4 Bd7 17. Bf3 Qe7 18. Qe1 Ra8 19. a4 b4 20. Qd1 Ne4 21. Be1 f5 22. Qc2 Rf6 23. Be2 f4 24. f3 Ng3 25. Bxg3 fxg3 26. Qd2 Be5 27. Bd3 Re8 28. Rfe1 Rh6 29. Nf5 Bxf5 30. Bxf5 Qf6 31. Bd7 Re7 32. Bg4 Bxb2 33. Rc2 Bc3 34. Rxc3 Qxc3 35. Qxc3 bxc3 36. Kf1 d4 37. exd4 Rxe1+ 38. Kxe1 Rf6 39. Kd1 g6 40. Kc2 h5 41. Bd7 Kf7 42. Kxc3 Ke7 43. Bc8 Rf8 44. Bb7 Kd7 45. d5 cxd5 46. Bxd5 Kc7 47. Kd4 Rf4+ 48. Ke5 Rxa4 49. Kf6 Rd4 50. Be6 Rd2 51. Kxg6 Rxg2 52. Kxh5 Rf2 53. f4 g2 0-1


[Site "https://www.chess.com"]

[Event "Titled Tuesday Blitz February 15 Late 2022"]
[White "Baches Garcia, Guillermo"]
[Black "Wu, Christopher"]
[WhiteFideId "2209764"]
[BlackFideId "2040875"]
[WhiteElo "2456"]
[BlackElo "2664"]
[Result "0-1"]
[Round "03"]
[TimeControl "180+1"]
[Date "2022.02.16"]
[WhiteClock "0:00:01"]
[BlackClock "0:00:16"]

1. e4 c5 2. Nf3 Nc6 3. d4 cxd4 4. Nxd4 e6 5. Nb5 d6 6. c4 a6 7. N5c3 Nf6 8. Be2 Be7 9. O-O O-O 10. Na3 b6 11. Be3 Bb7 12. Qb3 Nd7 13. Rfd1 Rc8 14. Rd2 Qc7 15. Rc1 Na5 16. Qd1 Qb8 17. f3 Rfd8 18. Kh1 Nc6 19. Qg1 Ba8 20. Qf2 Nce5 21. Bf1 h6 22. Rcd1 Bc6 23. h3 Ng6 24. f4 Qb7 25. Bd3 Rb8 26. Nc2 Nf6 27. Re2 Rdc8 28. Nd4 Bxe4 29. Nxe4 Nxe4 30. Bxe4 Qxe4 31. f5 Bh4 32. Qf1 exf5 33. Nxf5 Qxc4 34. Nxd6 Qxa2 35. Nxc8 Rxc8 36. Bxb6 Qb3 37. Bd4 Qg3 38. Re3 Qb8 39. Rf3 Qb7 40. Bc3 Bg5 41. Qe2 Nh4 42. Rfd3 Qc6 43. Qg4 Re8 44. Bd2 f5 45. Qg3 Re2 46. Bxg5 Rxg2 47. Rd8+ Kh7 48. Qd6 Rg1+ 0-1


[Site "https://www.chess.com"]

[Event "Titled Tuesday Blitz February 15 Late 2022"]
[White "Balint, Vilmos"]
[Black "Vargas Pereda, Jesus Manue"]
[WhiteFideId "718050"]
[BlackFideId "5115710"]
[WhiteElo "2059"]
[BlackElo "1769"]
[Result "1-0"]
[Round "03"]
[TimeControl "180+1"]
[Date "2022.02.16"]
[WhiteClock "0:01:28"]
[BlackClock "0:00:06"]

1. e4 c6 2. d4 d5 3. e5 Bf5 4. Nf3 e6 5. Be2 c5 6. O-O Nc6 7. c4 cxd4 8. Nxd4 Nxd4 9. Qxd4 dxc4 10. Qxc4 Ne7 11. Rd1 Qc8 12. Qa4+ Nc6 13. Na3 Be7 14. Nb5 O-O 15. Nd6 Bxd6 16. exd6 Rd8 17. Bf4 Qd7 18. Bb5 Rac8 19. Rac1 h6 20. h3 g5 21. Be3 a6 22. Be2 Ne5 23. Qb3 Rxc1 24. Bxc1 Qc6 25. Qb4 b5 26. Be3 Nc4 27. Bxc4 Qxc4 28. Qa5 Rd7 29. Qxa6 Bd3 30. Rxd3 Qxd3 31. Qc8+ Kg7 32. Qxd7 Qd1+ 33. Kh2 g4 34. Qc6 h5 35. d7 h4 36. hxg4 Qxg4 37. d8=Q h3 38. Qd4+ Qxd4 39. Bxd4+ 1-0


[Site "https://www.chess.com"]

[Event "Titled Tuesday Blitz February 15 Late 2022"]
[White "Batsiashvili, Nino"]
[Black "Yuan, Qingyu"]
[WhiteFideId "13602993"]
[BlackFideId "8609772"]
[WhiteElo "2230"]
[BlackElo "2359"]
[Result "0-1"]
[Round "03"]
[TimeControl "180+1"]
[Date "2022.02.16"]
[WhiteClock "0:00:02"]
[BlackClock "0:00:11"]

1. d4 d5 2. c4 e6 3. Nf3 Nf6 4. Nc3 a6 5. cxd5 exd5 6. Bg5 Be6 7. e3 Nbd7 8. h3 Bd6 9. Bd3 c6 10. O-O h6 11. Bf4 Qc7 12. Bxd6 Qxd6 13. Rb1 O-O 14. b4 b5 15. Qc2 Nb6 16. e4 dxe4 17. Nxe4 Nxe4 18. Bxe4 Bc4 19. Rfd1 Rfe8 20. Ne5 Rac8 21. a4 Bd5 22. a5 Bxe4 23. Qxe4 Nd5 24. Qf3 f6 25. Ng4 Re6 26. Ne3 Rd8 27. Nf5 Qf4 28. Rd3 Rde8 29. Qxf4 Nxf4 30. Rf3 Nd5 31. Rg3 g5 32. Nxh6+ Kh7 33. Nf5 Re1+ 34. Rxe1 Rxe1+ 35. Kh2 Nxb4 36. Rc3 Re2 37. Kg3 Kg6 38. Ne3 Ra2 39. Rb3 Nd5 40. Nxd5 cxd5 41. f4 Rxa5 42. fxg5 fxg5 43. Rc3 Ra4 44. Rc5 Rxd4 45. Rc6+ Kf5 46. Rxa6 Rd3+ 47. Kf2 b4 48. Rb6 Rb3 0-1


[Site "https://www.chess.com"]

[Event "Titled Tuesday Blitz February 15 Late 2022"]
[White "Bettalli, Francesco"]
[Black "Iskusnyh, Sergei"]
[WhiteFideId "2816453"]
[BlackFideId "4120027"]
[WhiteElo "2216"]
[BlackElo "2492"]
[Result "0-1"]
[Round "03"]
[TimeControl "180+1"]
[Date "2022.02.16"]
[WhiteClock "0:00:08"]
[BlackClock "0:00:06"]

1. d4 d5 2. Nc3 Nf6 3. Bf4 c5 4. e3 cxd4 5. exd4 Bg4 6. Qd2 Nc6 7. f3 Bd7 8. Nge2 e6 9. g4 Rc8 10. h4 Na5 11. Nc1 Nc4 12. Bxc4 Rxc4 13. a3 h5 14. g5 Ng8 15. O-O g6 16. Be5 f6 17. gxf6 Nxf6 18. Qg5 Kf7 19. Nd3 Bh6 20. Qg3 Be3+ 21. Kh1 Rg8 22. Bxf6 Qxf6 23. Ne5+ Ke7 24. Nxc4 dxc4 25. Rae1 Bf4 26. Nd5+ Kf7 27. Nxf4 g5 28. hxg5 Rxg5 29. Qh2 Bc6 30. Rf2 Rf5 31. Re4 Rg5 32. Rxe6 Qxd4 33. Re1 Rf5 34. Ng2 Qxf2 35. Qg1 Qxf3 36. Re3 Qxg2+ 37. Qxg2 Bxg2+ 38. Kxg2 Kf6 39. Re4 b5 40. a4 a6 41. axb5 axb5 42. Rd4 Re5 43. c3 Re2+ 44. Kf3 Rxb2 45. Rd5 h4 46. Kg4 Ke6 47. Rc5 Kd6 48. Rf5 Kc6 49. Kxh4 Rc2 50. Rf3 Kb6 51. Kg4 Ka5 52. Kf4 Ka4 53. Ke4 Kb3 54. Kd4 Rd2+ 55. Kc5 Rd3 56. Rf1 Kxc3 57. Kxb5 Rd5+ 58. Ka4 Kc2 59. Kb4 c3 60. Rf3 Rd4+ 61. Kc5 Rd3 62. Rf2+ Kb3 63. Rf8 c2 64. Rb8+ Kc3 65. Rc8 c1=Q 66. Kb5+ Kd2 67. Rxc1 Kxc1 0-1


[Site "https://www.chess.com"]

[Event "Titled Tuesday Blitz February 15 Late 2022"]
[White "Bluebaum, Matthias"]
[Black "Villegas, Pierre"]
[WhiteFideId "24651516"]
[BlackFideId "654183"]
[WhiteElo "2550"]
[BlackElo "2410"]
[Result "1-0"]
[Round "03"]
[TimeControl "180+1"]
[Date "2022.02.16"]
[WhiteClock "0:02:23"]
[BlackClock "0:00:13"]

1. b3 Nf6 2. Bb2 g6 3. Nf3 Bg7 4. g3 O-O 5. Bg2 c5 6. c4 d5 7. cxd5 Nxd5 8. Bxg7 Kxg7 9. O-O Nc6 10. d4 cxd4 11. Nxd4 Nxd4 12. Qxd4+ Nf6 13. Rd1 Qxd4 14. Rxd4 Rb8 15. Nc3 Bd7 16. Ne4 Bc6 17. Nxf6 Kxf6 18. Bxc6 bxc6 19. Rc1 Rfc8 20. Rd7 a5 21. Ra7 Rb5 22. Rc4 Rb4 23. Rc5 Rb5 24. Rxa5 Rxa5 25. Rxa5 Ke6 26. Kg2 Rd8 27. Rc5 Kd6 28. Rc2 Ra8 29. Kf3 f5 30. Kf4 h6 31. Rd2+ Ke6 32. e4 Kf6 33. exf5 gxf5 34. Rc2 e5+ 35. Ke3 Ra6 36. Kd3 Kg5 37. f3 h5 38. h4+ Kf6 39. Kc4 Ke6 40. Kc5 Ra5+ 41. Kb6 Rd5 42. Rxc6+ Kd7 43. Rc5 Rd6+ 44. Kb5 Re6 45. a4 e4 46. fxe4 fxe4 47. Rc2 Kd6 48. a5 Kd5 49. a6 Kd4 50. a7 Re8 51. Ka6 Kd3 52. Ra2 Kc3 53. Re2 Kd3 54. Re1 e3 55. b4 Kd2 56. Ra1 e2 57. b5 1-0


[Site "https://www.chess.com"]

[Event "Titled Tuesday Blitz February 15 Late 2022"]
[White "Bok, Benjamin"]
[Black "Fedoseev, Vladimir"]
[WhiteFideId "1017063"]
[BlackFideId "24130737"]
[WhiteElo "2658"]
[BlackElo "2726"]
[Result "1/2-1/2"]
[Round "03"]
[TimeControl "180+1"]
[Date "2022.02.15"]
[WhiteClock "0:00:07"]
[BlackClock "0:00:12"]

1. d4 Nf6 2. c4 e6 3. Nc3 d5 4. cxd5 exd5 5. Bg5 c6 6. e3 Be7 7. Bd3 Nbd7 8. h3 Nf8 9. Nf3 Ne6 10. Bh4 g6 11. O-O a5 12. a3 O-O 13. Rb1 Bd7 14. Qc2 Ne8 15. Bxe7 Qxe7 16. b4 axb4 17. axb4 b5 18. Ne5 Nd6 19. Ra1 f6 20. Nxd7 Qxd7 21. Ra2 Rxa2 22. Qxa2 Nc7 23. Ra1 Rb8 24. Qb3 Nc4 25. Ra7 Qc8 26. Qa2 Rb6 27. e4 Ra6 28. Rxa6 Nxa6 29. exd5 Nxb4 30. Qb1 Nxd3 31. Qxd3 cxd5 32. Nxb5 Qe8 33. Nc3 Qe1+ 34. Kh2 Nd2 35. Qe2 Nf1+ 36. Kg1 Qxc3 37. Qe8+ Kg7 38. Qe7+ Kh6 39. Qxf6 Qc1 40. Qh4+ Kg7 41. Qe7+ Kh6 42. Qh4+ Kg7 43. Qe7+ Kh6 44. Qh4+ 1/2-1/2


[Site "https://www.chess.com"]

[Event "Titled Tuesday Blitz February 15 Late 2022"]
[White "Bon, Michael"]
[Black "Hakemi, Arman"]
[WhiteFideId "620696"]
[BlackFideId "22520805"]
[WhiteElo "2440"]
[BlackElo "2208"]
[Result "1-0"]
[Round "03"]
[TimeControl "180+1"]
[Date "2022.02.16"]
[WhiteClock "0:00:27"]
[BlackClock "0:00:14"]

1. e4 c5 2. Nf3 e6 3. d4 cxd4 4. Nxd4 Nc6 5. Nc3 Qc7 6. Be3 a6 7. Bd3 Nf6 8. O-O b5 9. Nxc6 Qxc6 10. f3 b4 11. Ne2 Bc5 12. Qd2 a5 13. Kh1 O-O 14. Ng3 d6 15. Rae1 Bb7 16. f4 Rad8 17. Bxc5 dxc5 18. Qe2 Nd7 19. e5 Nb6 20. f5 c4 21. Be4 Qc7 22. Bxb7 Qxb7 23. f6 g6 24. Qe3 Kh8 25. Rf4 Nd5 26. Qf3 Qc7 27. Rh4 Qc5 28. Qg4 Rfe8 29. Qh3 h5 30. Rxh5+ 1-0


[Site "https://www.chess.com"]

[Event "Titled Tuesday Blitz February 15 Late 2022"]
[White "Bortnyk, Olexandr"]
[Black "Moskalenko, Alexander"]
[WhiteFideId "14120828"]
[BlackFideId "4155351"]
[WhiteElo "2723"]
[BlackElo "2515"]
[Result "0-1"]
[Round "03"]
[TimeControl "180+1"]
[Date "2022.02.15"]
[WhiteClock "0:00:01"]
[BlackClock "0:00:06"]

1. e4 e6 2. d4 d5 3. Nc3 Nf6 4. Bg5 dxe4 5. Nxe4 Be7 6. Bxf6 gxf6 7. Nf3 a6 8. Qd3 f5 9. Nc3 b5 10. O-O-O Bb7 11. Qe3 b4 12. Na4 Qd5 13. b3 Nd7 14. Bc4 Qe4 15. Qh6 O-O-O 16. h3 Bd6 17. Kb1 Qf4 18. Qxf4 Bxf4 19. d5 Nb6 20. Nxb6+ cxb6 21. dxe6 b5 22. Rxd8+ Rxd8 23. e7 Re8 24. Bd3 Bxf3 25. Bxf5+ Kc7 26. gxf3 h6 27. Re1 Bg5 28. Re4 Rxe7 29. Rxb4 Re1+ 30. Kb2 Rf1 31. Re4 Bf6+ 32. Ka3 Rxf2 33. Re3 Kb6 34. b4 Bd4 35. Rd3 Be5 36. Kb3 Rf1 37. c3 Rb1+ 38. Kc2 Ra1 39. Kb2 Re1 40. Be4 a5 41. bxa5+ Kxa5 42. a3 Kb6 43. Rd7 Re3 44. Rb7+ Ka5 45. Ra7+ Kb6 46. Rxf7 Bxc3+ 47. Kc2 Bd4 48. Rb7+ Ka6 49. Rd7 Bc5 50. Rc7 Bxa3 51. Rc6+ Ka5 52. Rxh6 b4 53. Rh5+ Kb6 54. Bd5 Rc3+ 55. Kd2 Bc1+ 56. Kd1 Bf4 57. Rf5 Be3 58. Ke2 b3 59. Be4 b2 60. h4 Bc1 61. h5 Re3+ 62. Kd1 Rxe4 63. Kc2 Re2+ 64. Kb1 Rh2 65. Re5 Kc6 66. Ra5 Kd6 67. Rb5 Ke6 68. Rc5 Kf6 69. f4 Rh4 70. Rb5 Rxf4 71. Rb6+ Kg7 72. h6+ Kh7 73. Rc6 Rh4 74. Re6 Rxh6 75. Re4 Kg6 76. Re6+ Kg5 77. Re2 Rh1 78. Rc2 Kf5 79. Re2 Kf4 80. Re8 Kf3 81. Re6 Rh8 82. Rb6 Rc8 83. Rb3+ Ke2 84. Rb7 Kd3 85. Rb5 Kc3 86. Rb3+ Kc4 87. Rb7 Ra8 88. Rc7+ Kb5 89. Rb7+ Kc6 90. Rb3 Ra1+ 91. Kc2 Kc5 92. Rb7 Kc6 93. Rb3 Ra4 94. Kb1 Kc5 95. Rb7 Rb4 96. Rc7+ Kb6 97. Rc8 Kb7 98. Rc3 Bf4 99. Rc5 Kb6 100. Rf5 Be3 101. Rf6+ Kc7 102. Rf7+ Kd6 103. Rf6+ Ke5 104. Rh6 Bd4 105. Rh5+ Ke4 106. Rh4+ Kd5 107. Rh5+ Kc4 108. Ra5 Rb8 109. Ra4+ Kd5 110. Ra5+ Ke4 111. Rh5 Ra8 112. Rh4+ Kd5 113. Rh5+ Be5 114. Kc2 Rc8+ 115. Kd2 b1=Q 0-1


[Site "https://www.chess.com"]